 Dungeon Crawl Stone Soup version 0.27.0-1-g7a089689b8 (webtiles) character file.

Game seed: 13473381308750234241

461 oldmanjim the Sneak (level 6, -3/30 HPs)
             Began as a Spriggan Transmuter on Aug 6, 2021.
             Killed from afar by an orc wizard (12 damage)
             ... with a puff of flame
             ... on level 5 of the Dungeon on Aug 7, 2021.
             The game lasted 00:53:58 (7730 turns).

oldmanjim the Sneak (Spriggan Transmuter)           Turns: 7730, Time: 00:53:58

Health: -3/30      AC:  2    Str:  6    XL:     6   Next: 79%
Magic:  11/11      EV: 18    Int: 15    God:
Gold:   130        SH:  0    Dex: 17    Spells: 6/11 levels left

rFire    . . .     SeeInvis +   a - +1 short sword (venom)
rCold    . . .     Faith    .   (shield restricted)
rNeg     . . .     Spirit   .   k - +0 robe
rPois    .         Reflect  .   (helmet restricted)
rElec    .         Harm     .   (no cloak)
rCorr    .         Rampage  .   (gloves unavailable)
Will     +....                  (boots unavailable)
Stlth    +++.......             (no amulet)
HPRegen  0.10/turn              (no ring)
MPRegen  0.12/turn              (no ring)

@: very quick
A: very small, no large weapons, unfitting armour, see invisible, speed 3
a: no special abilities


You were on level 5 of the Dungeon.
You visited 1 branch of the dungeon, and saw 5 of its levels.
You also visited: Ossuary.

You collected 130 gold pieces.

Inventory:

Hand Weapons
 a - a +1 short sword of venom (weapon)
 b - a +0 hunting sling
 r - a +0 dagger of speed
Missiles
 m - 52 stones
 n - 18 poisoned darts
 p - 50 sling bullets
Armour
 k - a +0 robe (worn)
Magical Staves
 w - a staff of poison
Jewellery
 i - a +4 ring of evasion
 t - a ring of magical power
Wands
 l - a wand of paralysis (4) (quivered)
Scrolls
 e - 8 scrolls of identify {unknown}
 f - 4 scrolls of amnesia {unknown}
 g - a scroll of holy word {unknown}
 h - 3 scrolls of teleportation {unknown}
 q - 2 scrolls of silence {unknown}
 u - a scroll of noise {unknown}
 x - 4 scrolls of blinking {unknown}
 y - a scroll of fear {unknown}
Potions
 c - 3 potions of might {unknown}
 d - a potion of curing {unknown}
 j - 3 potions of flight {unknown}
 o - a potion of ambrosia {unknown}
 s - a potion of berserk rage {unknown}
 v - 2 potions of attraction {unknown}


   Skills:
 - Level 2.0 Fighting
 + Level 4.6 Short Blades
 - Level 4.0 Dodging
 - Level 5.0 Stealth
 - Level 2.4 Unarmed Combat
 + Level 3.2 Spellcasting
 - Level 3.0 Transmutations
 + Level 0.8 Poison Magic
 + Level 2.2 Evocations


You had 6 spell levels left.
You knew the following spells:

 Your Spells              Type           Power      Damage    Failure   Level
a - Beastly Appendage     Tmut           22%        N/A       6%          1
b - Olgreb's Toxic Radia  Pois           4%         N/A       80%         4

Your spell library contained the following spells:

 Spells                   Type           Power      Damage    Failure   Level
 Sting                    Tmut/Pois      32%        1d4       9%          1
 Wereblood                Tmut           11%        N/A       9%          2
 Poisonous Vapours        Pois/Air       6%         N/A       26%         2
 Spider Form              Tmut/Pois      4%         N/A       26%         3
 Ice Form                 Ice/Tmut       6%         N/A       71%         4


Dungeon Overview and Level Annotations

Branches:
Dungeon (5/15)            Ossuary (visited)
 Temple: D:4-7

Altars:
Dithmenos
Ru

Shops:
D:2 =


Innate Abilities, Weirdness & Mutations

You are very small and have problems with some larger weapons.
You are too small for most types of armour.
You have supernaturally acute eyesight. (SInv)
You cover ground extremely quickly. (Speed+++)


Message History

The iguana hisses angrily.
The stone hits the iguana.
The iguana is moderately wounded.
You shoot a stone.
The stone hits the iguana but does no damage.
The iguana is moderately wounded.
You shoot a stone. The stone closely misses the iguana.
Your +1 short sword of venom begins to drip with poison!
a - a +1 short sword of venom (weapon)
You hit the iguana.
The iguana is poisoned.
The iguana is moderately wounded.
The iguana closely misses you.
Your +1 short sword of venom stops dripping with poison.
b - a +0 hunting sling (weapon)
An orc wizard comes into view. It is wielding a +0 dagger.
You shoot a stone. The stone hits the iguana.
The iguana is severely wounded.
The iguana looks more healthy.
An orc warrior comes into view. It is wielding a +0 trident.
Your +1 short sword of venom begins to drip with poison!
a - a +1 short sword of venom (weapon)
The orc warrior shouts!
You hit the iguana but do no damage.
The iguana is poisoned.
The iguana is almost dead.
The orc wizard casts a spell.
The orc wizard flickers and vanishes for a moment.
The iguana misses you.
You hit the iguana.
The iguana looks as sick as possible!
The iguana is almost dead.
The iguana bites you!
You kill the iguana!
The orc wizard points at you and mumbles some strange words.
The magic dart hits you!
* * * LOW HITPOINT WARNING * * *
You open the door.
There is an open door here.
You see here 14 gold pieces.
The orc wizard points at you and mumbles some strange words.
The puff of flame hits you!
You die...

#### #....#....
........#######...(#....
........##.........# ...
.......(##'####....# ...
.......(......o....# ..
...................# ..
..............$##'##
...............##.#
.......@$......##.######
...............##.......
######+#.......#########
#.......# # #.......#
####### #.......#
#...... #########
#.##### #. #.


You could see an orc wizard (invisible).

Vanquished Creatures
  A hound (D:4)
  2 jellies
  3 iguanas
  2 hound skeletons (D:4)
  A mummy (Ossuary)
  6 adders
  4 gnolls
  2 adder skeletons (D:4)
  A worm (D:3)
  A dart slug (D:1)
  6 orcs
  3 spectral bats (Ossuary)
  7 ball pythons
  7 bats
  6 endoplasms
  3 giant cockroaches
  12 gnoll zombies (Ossuary)
  10 goblins
  7 hobgoblins
  12 jackals
  8 kobolds
  A quokka (D:2)
  3 bat simulacra (Ossuary)
  5 frilled lizards
  5 goblin simulacra (Ossuary)
  5 goblin zombies (Ossuary)
  5 hobgoblin zombies (Ossuary)
  A jackal skeleton (D:4)
  5 kobold simulacra (Ossuary)
  2 kobold zombies (Ossuary)
  6 orc zombies (Ossuary)
  9 rats
  2 rat simulacra (Ossuary)
  4 spectral goblins (Ossuary)
  3 spectral kobolds (Ossuary)
  A spectral rat (Ossuary)
161 creatures vanquished.

Vanquished Creatures (others)
  2 plants (D:4)
  2 withered plants (D:2)
4 creatures vanquished.

Grand Total: 165 creatures vanquished

Notes
Turn   | Place    | Note
-------+----------+-------------------------------------------
     0 | D:1      | oldmanjim the Spriggan Transmuter began the quest for the
                  | Orb.
     0 | D:1      | Reached XP level 1. HP: 9/9 MP: 5/5
   176 | D:1      | Reached skill level 1 in Fighting
   249 | D:1      | Reached skill level 1 in Stealth
   249 | D:1      | Reached XP level 2. HP: 14/14 MP: 4/6
  1085 | D:1      | Reached skill level 2 in Stealth
  1372 | D:1      | Reached XP level 3. HP: 13/18 MP: 6/8
  2354 | D:2      | Found a sacrificial altar of Ru.
  2419 | D:2      | Found a faded altar of an unknown god.
  2558 | D:2      | Reached XP level 4. HP: 20/23 MP: 9/9
  2778 | D:2      | Found Bujean's Jewellery Boutique.
  3033 | D:3      | Reached skill level 1 in Short Blades
  3238 | D:3      | Reached skill level 3 in Stealth
  4226 | D:4      | Reached XP level 5. HP: 24/26 MP: 10/10
  4243 | D:4      | Reached skill level 4 in Stealth
  4318 | D:4      | Found a sand-covered staircase.
  4324 | Ossuary  | Entered an ossuary
  5329 | D:4      | Reached skill level 5 in Stealth
  5995 | D:3      | Reached XP level 6. HP: 12/30 MP: 11/11
  6323 | D:4      | Found a shadowy altar of Dithmenos.
  6950 | D:4      | Reached skill level 1 in Evocations
  7130 | D:5      | Entered Level 5 of the Dungeon
  7196 | D:5      | Learned a level 4 spell: Olgreb's Toxic Radiance
  7710 | D:5      | Noticed an orc warrior
  7730 | D:5      | Killed from afar by an orc wizard

Illustrated notes

Levels and vault maps discovered:
D:1:      heliophobic_arrival_dark_side_of_the_moon, layout_basic,
          minmay_misc_feat_plants, minmay_octomino_c4
D:2:      layout_loops_ring, serial_shops, nicolae_square_shop,
          ebering_ecumenical_altar_petrified, basic_altar,
          minmay_misc_feat_square, st_stairs_3, chequers_jeans, minmay_circle_x
D:3:      layout_loops_corners
D:4:      layout_cave_pools, nicolae_dithmenos_through_a_glass_darkly,
          nicolae_ossuary_entry_plus, serial_forest,
          infiniplex_forest_end_double, infiniplex_forest_lined_1,
          infiniplex_forest_3_way, infiniplex_forest_end_2,
          infiniplex_forest_straight_4, infiniplex_forest_end_1,
          infiniplex_forest_lined_2, serial_park_tiny_pond, kennysheep_dice
D:5:      layout_basic, sigmund_edmund_badplayer

Skill      XL: |  1  2  3  4  5  6 |
---------------+-------------------+-----
Fighting       | 1 2 |  2.0
Stealth        | 1 2 3 5 |  5.0
Transmutations | 3 |  3.0
Dodging        | 3 4 |  4.0
Spellcasting   | 3 |  3.2
Short Blades   | 1 3 4 |  4.6
Evocations     | 2 |  2.2
Unarmed Combat | |  2.4
Poison Magic   | |  0.8

Action                   |  1- 3 |  4- 6 || total
-------------------------+-------+-------++-------
Melee: Unarmed           |    56 |       ||    56
       Kick              |    17 |     4 ||    21
       Headbutt          |    11 |     2 ||    13
       Dagger            |    35 |       ||    35
       Short sword       |    42 |   252 ||   294
       Punch             |       |     2 ||     2
 Fire: Hunting sling     |       |   163 ||   163
 Cast: Beastly Appendage |    21 |     3 ||    24
 Stab: Sleeping          |     8 |    17 ||    25
Armor: Robe              |    14 |    26 ||    40
Dodge: Dodged            |   101 |   230 ||   331
